 Dungeon Crawl Stone Soup version 0.31-a0-544-gceb718ecc6 (webtiles) character file.

Game seed: 597248683542270860

2609 Mickster the Cleaver (level 9, -2/78 HPs)
             Began as a Hill Orc Berserker on Aug 16, 2023.
             Was a Follower of Trog.
             Slain by dxb338's ghost (16 damage)
             ... on level 7 of the Dungeon.
             The game lasted 00:45:59 (3925 turns).

Mickster the Cleaver (Hill Orc Berserker)           Turns: 3925, Time: 00:45:59

Health: -2/78      AC: 19    Str: 28    XL:     9   Next: 59%
Magic:  9/9        EV: 10    Int: 13    God:    Trog [*.....]
Gold:   351        SH:  0    Dex: 12    Spells: 8/8 levels left

rFire   . . .        F - +2 broad axe (heavy)
rCold   . . .        (no shield)
rNeg    . . .        k - +0 chain mail
rPois   .            i - +1 helmet
rElec   .            u - +1 cloak
rCorr   .            D - +2 pair of gloves
SInv    .            z - +0 pair of boots
Will    .....        (no amulet) Stlth
                     e - +6 ring of strength
HPRegen 0.33/turn    g - +6 ring of intelligence
MPRegen 0.11/turn

%: no passive effects
@: about to teleport, on berserk cooldown, slowed, studying Translocations, very
slow
A: no striking features
a: Renounce Religion, Berserk


You were on level 7 of the Dungeon.
You worshipped Trog.
Trog was aware of your devotion.
You visited 1 branch of the dungeon, and saw 7 of its levels.

You collected 351 gold pieces.

Inventory:

Hand Weapons
 a - a +0 heavy hand axe
 b - a +2 whip of electrocution
 c - a +1 dagger of draining
 j - a +2 dagger of flaming
 m - a +1 dagger of venom
 n - a +0 rapier
 C - the +6 mace of Honour {flame, Dex+4}
   (You found it on level 5 of the Dungeon)

   Dex+4:     It affects your dexterity (+4).
 E - a +3 dagger
 F - a +2 heavy broad axe (weapon)
Missiles
 d - 36 stones
 f - 2 javelins
 l - 5 poisoned darts
 p - 6 curare-tipped darts (quivered)
 t - a throwing net
 y - 5 boomerangs
Armour
 i - a +1 helmet (worn)
 k - a +0 chain mail (worn)
 u - a +1 cloak (worn)
 z - a +0 pair of boots (worn)
 D - a +2 pair of gloves (worn)
Jewellery
 e - a +6 ring of strength (left hand)
 g - a +6 ring of intelligence (right hand)
 B - a ring of magical power
 H - the ring "Vyfutaud" {rF+ Str+2 Int+6}
   (You found it on level 7 of the Dungeon)

   [ring of intelligence]

   Str+2:     It affects your strength (+2).
   Int+6:     It affects your intelligence (+6).
   rF+:       It protects you from fire.
Wands
 w - a wand of quicksilver (3)
Scrolls
 o - 2 scrolls of teleportation
 q - a scroll of brand weapon
 r - 2 scrolls of acquirement
 s - a scroll of revelation
 G - a scroll of torment {unknown}
Potions
 h - a potion of might
 v - 2 potions of curing {unknown}
 x - 2 potions of magic {unknown}
 A - 2 potions of mutation {unknown}


   Skills:
 + Level 6.5 Fighting
 - Level 0.1 Short Blades
 - Level 8.1(9.9) Axes
 * Level 7.4(8.7) Maces & Flails
 + Level 0.7 Throwing
 + Level 6.9 Armour
 + Level 3.2 Dodging
 + Level 1.7 Stealth
 * Level 3.4 Translocations


You had 8 spell levels left.
You didn't know any spells.
Your spell library contained the following spells:

 Spells                   Type           Power      Damage    Failure   Level
 Summon Small Mammal      Summ           0%         N/A       77%         1
 Portal Projectile        Hex/Tloc       8%         N/A       88%         3
 Call Canine Familiar     Summ           0%         N/A       98%         3
 Summon Guardian Golem    Hex/Summ       0%         N/A       98%         3
 Leda's Liquefaction      Hex/Erth       0%         N/A       100%        4


Dungeon Overview and Level Annotations

Branches:
Dungeon (7/15)
 Temple: D:4-7

Altars:
Cheibriados
Sif Muna
Zin

Annotations:
D:7 1 transporter, dxb338's ghost, novice FeSh


Message History

You see here a water moccasin corpse.
You see here a bullfrog corpse.
You feel your anger nearly subside.
You are no longer berserk.
You are exhausted.
You feel yourself slow down.
You feel sick.
Dxb338's ghost tries to sneak away.
Found a transporter.
You feel sick. Dxb338's ghost hits you.
You see here the ring "Vyfutaud" {rF+ Str+2 Int+6}.
H - the ring "Vyfutaud" {rF+ Str+2 Int+6} You feel sick.
You are no longer poisoned.
Dxb338's ghost hits you but does no damage.
Okay, then.
You miss dxb338's ghost.
Dxb338's ghost is heavily damaged.
Dxb338's ghost hits you! Dxb338's ghost misses you.
Dxb338's ghost barely misses you.
You miss dxb338's ghost.
Dxb338's ghost is heavily damaged.
Dxb338's ghost completely misses you. Dxb338's ghost closely misses you.
You hit dxb338's ghost.
Dxb338's ghost is heavily damaged.
Dxb338's ghost hits you!
* * * LOW HITPOINT WARNING * * *
Dxb338's ghost hits you but does no damage. x2
You barely miss dxb338's ghost.
Dxb338's ghost is moderately damaged.
Dxb338's ghost closely misses you.
Dxb338's ghost hits you but does no damage.
You barely miss dxb338's ghost.
Dxb338's ghost is moderately damaged.
Dxb338's ghost hits you but does no damage.
Dxb338's ghost hits you.
* * * LOW HITPOINT WARNING * * *
Dxb338's ghost barely misses you.
As you read the scroll of teleportation, it crumbles to dust.
You feel strangely unstable. Dxb338's ghost stares at you.
Dxb338's ghost hits you!
You die...

#########
#######........
######.............#
#......####.©.####.
#....###..#####..##
#...##..#..$)/....#
#...#....###@!.##.##
#...##F#...†W#.....#
#....#...#.†©..##.©#
#....#..##..#......#
.###....#..$.#...#.!.##
........##......#....#
..#####..##.###..#####
#. ##.†###©####..... .
##†.........# ##


You could see dxb338's ghost.

Vanquished Creatures
  A moth of wrath (D:7)
  Menkaure (D:5)
  A water moccasin (D:7)
  A sky beast (D:7)
  A black bear (D:7)
  2 ice beasts
  2 ogres
  A phantom (D:6)
  6 bullfrogs
  4 scorpions (D:5)
  3 killer bees (D:7)
  2 howler monkeys
  A jelly (D:4)
  3 hounds
  2 gnoll boudas
  Jessica (D:2)
  3 iguanas
  Natasha (D:2)
  An orc wizard (D:7)
  Terence (D:2)
  Robin (D:2)
  11 gnolls
  2 adders
  A shadow imp (D:6)
  2 white imps
  An ufetubus (D:6)
  3 worms
  2 dart slugs
  8 orcs
  6 endoplasms
  2 giant cockroaches
  13 goblins
  9 hobgoblins
  2 quokkas (D:4)
  8 ball pythons
  5 bats
  4 frilled lizards
  4 kobolds
  4 rats
126 creatures vanquished.

Notes
Turn   | Place    | Note
-------+----------+-------------------------------------------
     0 | D:1      | Mickster the Hill Orc Berserker began the quest for the
                  | Orb.
     0 | D:1      | Reached XP level 1. HP: 19/19 MP: 1/1
   286 | D:1      | Reached XP level 2. HP: 27/27 MP: 2/2
   472 | D:1      | You fall into a shaft and drop 1 floor!
   481 | D:2      | Noticed Robin
   498 | D:2      | Killed Robin
   499 | D:2      | Reached XP level 3. HP: 34/34 MP: 3/3
   508 | D:2      | Reached skill level 5 in Axes
   509 | D:2      | Reached ** piety under Trog
   512 | D:2      | Noticed Jessica
   524 | D:2      | Killed Jessica
   525 | D:2      | Reached XP level 4. HP: 32/41 MP: 4/4
   535 | D:2      | Noticed Terence
   554 | D:2      | Killed Terence
   856 | D:2      | Found a shimmering blue altar of Sif Muna.
  1019 | D:2      | Noticed Natasha
  1030 | D:2      | Killed Natasha
  1031 | D:2      | Reached XP level 5. HP: 47/47 MP: 5/5
  1458 | D:3      | Reached skill level 5 in Fighting
  1464 | D:3      | Reached skill level 6 in Axes
  1471 | D:3      | Found a glowing silver altar of Zin.
  1806 | D:4      | Reached XP level 6. HP: 56/56 MP: 6/6
  1872 | D:4      | Reached *** piety under Trog
  2372 | D:5      | Entered Level 5 of the Dungeon
  2623 | D:5      | Reached skill level 7 in Axes
  2756 | D:5      | Reached XP level 7. HP: 23/61 MP: 7/7
  2906 | D:5      | Reached skill level 8 in Axes
  2911 | D:5      | Identified the +6 mace of Honour {flame, Dex+4}
  2987 | D:5      | Reached skill level 1 in Maces & Flails
  2987 | D:5      | Reached skill level 5 in Armour
  3053 | D:5      | Noticed Menkaure
  3060 | D:5      | Killed Menkaure
  3061 | D:5      | Reached XP level 8. HP: 70/70 MP: 8/8
  3110 | D:6      | Found a snail-covered altar of Cheibriados.
  3359 | D:6      | Reached skill level 1 in Translocations
  3639 | D:7      | Reached skill level 1 in Stealth
  3644 | D:7      | Reached skill level 5 in Maces & Flails
  3671 | D:7      | Identified 3 scrolls of acquirement
  3671 | D:7      | Acquired a +2 heavy broad axe
  3796 | D:7      | Reached XP level 9. HP: 71/75 MP: 9/9
  3884 | D:7      | Noticed dxb338's ghost (novice FeSh)
  3884 | D:7      | Noticed a moth of wrath
  3895 | D:7      | Found a transporter.
  3910 | D:7      | Killed a moth of wrath
  3918 | D:7      | Found a transporter.
  3918 | D:7      | Identified the ring "Vyfutaud" {rF+ Str+2 Int+6}
  3925 | D:7      | Slain by dxb338's ghost

Illustrated notes

Levels and vault maps discovered:
D:1:      matt_arrival_grand_opening, layout_loops_ring
D:2:      layout_basic, basic_altar, reono_crystal_passage, uniq_jessica,
          uniq_terence, uniq_natasha, uniq_robin
D:3:      layout_basic, nicolae_overflow_ecumenical_swirl,
          mainiacjoe_overflow_tiny_flanked, minmay_fractal_squares_5
D:4:      layout_rooms, grunt_decor_resistance, serial_bayou_lagoon_a,
          kennysheep_generic_room_3
D:5:      layout_basic, lemuel_zombie_altar_kikubaaqudgha, dk_noncrumbling_2,
          uniq_menkaure
D:6:      dreamdust_elfheim, layout_rooms, mainiacjoe_overflow_boulevard,
          kennysheep_decorative_pillar, uniq_duvessa
D:7:      layout_basic, minmay_temple_entry_stoned_glass, enter_bailey_5,
          gammafunk_ghost_berserking_beasts, grunt_decor_mini_mirrors

Skill      XL: |  1  2  3  4  5  6  7  8  9 |
---------------+----------------------------+-----
Fighting       | 4 5 6 |  6.5
Axes           | 5 6 7 8 |  8.1
Armour         | 3 4 5 6 |  6.9
Dodging        | 2 3 |  3.2
Maces & Flails | 2 5 7 |  7.4
Translocations | 2 3 |  3.4
Stealth        | 1 |  1.7
Short Blades   | |  0.1
Throwing       | |  0.7

Action                     |  1- 3 |  4- 6 |  7- 9 || total
---------------------------+-------+-------+-------++-------
  Melee: Hand axe          |    55 |   134 |    11 ||   200
         Dagger            |       |    44 |       ||    44
         Punch             |       |     2 |     1 ||     3
         Mace              |       |       |    59 ||    59
         Broad axe         |       |       |    36 ||    36
  Throw: Javelin           |     1 |       |       ||     1
         Dart              |       |     4 |       ||     4
 Invoke: Berserk           |     1 |     4 |     4 ||     9
         Trog's Hand       |     1 |     2 |     3 ||     6
    Use: Scroll            |     4 |     5 |     7 ||    16
         Potion            |       |     3 |       ||     3
 Armour: Scale mail        |    27 |     1 |       ||    28
         Animal skin       |     2 |       |       ||     2
         Chain mail        |       |    94 |    91 ||   185
  Dodge: Dodged            |    27 |    87 |   104 ||   218

Table legend: (Time is in decaauts)
 A = Elapsed time spent in this place.
 B = Non-inter-level travel time spent in this place.
 C = Inter-level travel time spent in this place.
 D = Time resting spent in this place.
 E = Time spent auto-exploring this place.
 F = Levels seen in this place.
 G = Mean time per level.
                   A        B        C        D        E       F      G
               +--------+--------+--------+--------+--------+-----+--------+
         Total |   4095 |   3831 |    264 |    219 |     52 |   7 |  585.0 |
       Dungeon |   4095 |   3831 |    264 |    219 |     52 |   7 |  585.0 |
               +--------+--------+--------+--------+--------+-----+--------+

Top non-repeatable levels by time:
     D:5: 747 daAuts
     D:4: 694 daAuts
     D:2: 684 daAuts
     D:3: 621 daAuts
     D:6: 545 daAuts
     D:1: 474 daAuts
     D:7: 327 daAuts
